 Dungeon Crawl Stone Soup version 0.27-a0-1051-g288ea87c7c (webtiles) character file.

Game seed: 5805732483778011559

6138 spiderkeys the Spear-Bearer (level 10, 0/90 (91) HPs)
             Began as a Minotaur Abyssal Knight on Apr 20, 2021.
             Was an Elder of Lugonu.
             Slain by an orc warrior
             ... wielding a +2 halberd of distortion
              (15 damage)
             ... on level 9 of the Dungeon.
             The game lasted 00:10:58 (7327 turns).

spiderkeys the Spear-Bearer (MiAK)                  Turns: 7327, Time: 00:10:59

HP:   0/90 (91)     AC: 14    Str: 20    XL:     10   Next: 59%
MP:   14/14         EV:  7    Int:  9    God:    Lugonu [****..]
Gold: 466           SH:  0    Dex: 10    Spells: 9/9 levels left

rFire    . . .     SeeInvis .   a - +2 spear (spect)
rCold    . . .     Faith    .   (no shield)
rNeg     . . .     Spirit   .   B - +0 plate armour
rPois    +         Reflect  .   (helmet restricted)
rElec    .         Harm     .   (no cloak)
rCorr    +         Rampage  .   (no gloves)
Will     +....                  (no boots)
Stlth    ..........             (no amulet)
HPRegen  0.25/turn              l - ring "Buzigup" {Wiz rPois rCorr}
MPRegen  0.14/turn              y - ring of willpower

@: lightly drained
A: horns 2, retaliatory headbutt
a: Renounce Religion, Depart the Abyss, Bend Space, Banish, Corrupt


You were on level 9 of the Dungeon.
You worshipped Lugonu.
Lugonu was greatly pleased with you.
You visited 1 branch of the dungeon, and saw 9 of its levels.
You visited the Abyss 1 time.

You collected 466 gold pieces.


Innate Abilities, Weirdness & Mutations

You have a pair of horns on your head.
You reflexively headbutt those who attack you in melee.


   Skills:
 + Level 9.3 Fighting
 * Level 12.1 Polearms
 + Level 9.0 Armour
 - Level 1.1 Dodging
 + Level 7.4 Invocations


You had 9 spell levels left.
You didn't know any spells.
Your spell library contained the following spells:

 Spells                   Type           Power      Damage    Failure   Level
 Animate Skeleton         Necr           0%         N/A       95%         1
 Apportation              Tloc           0%         N/A       95%         1
 Beastly Appendage        Tmut           0%         N/A       95%         1
 Corona                   Hex            0%         N/A       95%         1
 Freeze                   Ice            0%         1d3       95%         1
 Summon Small Mammal      Summ           0%         N/A       95%         1
 Wereblood                Tmut           0%         N/A       98%         2
 Frozen Ramparts          Ice            0%         1d2       100%        3
 Ozocubu's Armour         Ice            0%         N/A       100%        3
 Spider Form              Tmut/Pois      0%         N/A       100%        3
 Hailstorm                Conj/Ice       0%         3d3       100%        4
 Ice Form                 Ice/Tmut       0%         N/A       100%        4
 Hydra Form               Tmut           0%         N/A       100%        5
 Metabolic Englaciation   Hex/Ice        0%         N/A       100%        5
 Summon Forest            Summ/Tloc      0%         N/A       100%        5
 Summon Mana Viper        Hex/Summ       0%         N/A       100%        5
 Shadow Creatures         Summ           N/A        N/A       100%        6
 Summon Hydra             Summ           0%         N/A       100%        7

Inventory:

Hand Weapons
 a - a +2 spectral spear (weapon)
Missiles
 b - 43 poisoned darts
 f - 359 stones
 g - 283 arrows
 j - 44 bolts
 n - 3 throwing nets {=f!f}
 t - 30 sling bullets
 w - 4 javelins
Armour
 B - a +0 plate armour (worn)
   (You found it on level 7 of the Dungeon)
Jewellery
 l - the ring "Buzigup" (left hand) {Wiz rPois rCorr}
   (You acquired it on level 2 of the Dungeon)

   [ring of wizardry]

   It improves your spell success rate.
   It protects you from poison.
   It protects you from acid and corrosion.
 y - a ring of willpower (right hand)
   (You found it on level 7 of the Dungeon)
 C - a ring of ice
   (You found it on level 8 of the Dungeon)
 F - a ring of protection from fire
   (You found it on level 8 of the Dungeon)
 N - a ring of positive energy
   (You found it on level 5 of the Dungeon)
Wands
 e - a wand of iceblast (3)
   (You found it on level 9 of the Dungeon)
 p - a wand of polymorph (7)
   (You found it on level 4 of the Dungeon)
 v - a wand of flame (12)
   (You found it on level 5 of the Dungeon)
 x - a wand of mindburst (11)
   (You took it off Ijyb on level 5 of the Dungeon)
Scrolls
 c - a scroll of magic mapping {!r}
 d - 2 scrolls of brand weapon
 i - a scroll of fog
 k - a scroll of teleportation {@r4}
 D - a scroll of enchant armour
Potions
 h - a potion of attraction {!q}
 m - a potion of haste {@q3}
 o - 3 potions of brilliance
 s - a potion of ambrosia {unknown}
 u - a potion of invisibility {unknown}
 z - 2 potions of flight
 A - a potion of mutation {unknown}

Dungeon Overview and Level Annotations

Branches:
Dungeon (9/15)             Temple (0/1) D:6             Orc (0/2) D:9
   Lair: D:8-11

Altars:
Ru

Annotations:
D:6 3 runed translucent doors, Twinkles's ghost, amateur DgTm
D:9 Psyche

.............###.....
..........##).....######
..>................#....
....#######)#.............##
....# #####.......[....[...#
......#..............(.....#
...........................#
...........................#
...>...........o@o.........#
.................o.......$.#
............o........#
............@..........
########..!.....o..#...
###.##.#$#..# . #......#..#
##..##.##.# .....#.# ..


You could see Psyche, 2 orc warriors, an orc priest and 2 orcs.


Message History

😕 HP[-1]
You take 1 damage, and now have 90/91 hp.
An orc and an orc warrior come into view.
The orc shouts!
The orc warrior shouts!
The orc moves out of view.
Found 14 gold pieces.
Found a staircase to the Orcish Mines.
You reach to attack!
You hit the orc warrior but do no damage.
Your spectral weapon misses the orc warrior.
You reach to attack!
You hit the orc warrior but do no damage.
Your spectral weapon hits the orc warrior from afar. 😎 HP[+1]
Your hp is fully restored (91).
The orc throws a boomerang.
The boomerang barely misses you.
There is a stone staircase leading down here.
The orc sings a few bars from the Orcish anthem.
You hit the orc warrior but do no damage.
Your spectral weapon hits the orc warrior but does no damage.
You hit the orc warrior but do no damage.
Your spectral weapon hits the orc warrior from afar!
Your plate armour prevents you from hitting the orc warrior.
Your headbutt misses the orc warrior.
Your spectral weapon hits the orc warrior but does no damage.
You hit the orc warrior.
Your spectral weapon hits the orc warrior.
The orc warrior hits you but does no damage.
The orc warrior hits you from afar with a +2 halberd of distortion!
Space bends around you. 😕 HP[-17]
You take 17 damage, and now have 74/91 hp.
You swap places.
The orc warrior barely misses you. 😕 HP[+1]
You puncture the orc warrior!
You kill the orc warrior!
Lugonu accepts your kill.
Your Armour skill increases to level 9!
Reach: a) +2 spear (spect)
Press: ? - help, Dir - move target, f - orc warrior
Aim: an orc warrior, wielding a +2 halberd of distortion and wearing a +0 plate armour (about 31% to evade your +2 spectral spear)
You reach to attack!
You hit the orc warrior.
Your spectral weapon hits the orc warrior but does no damage.
The orc warrior hits you from afar with a +2 halberd of distortion!
Space bends around you. 😮 HP[-14]
You take 14 damage, and now have 61/91 hp.
Reach: a) +2 spear (spect)
Press: ? - help, Dir - move target, f/p - orc warrior
Aim: an orc warrior, wielding a +2 halberd of distortion and wearing a +0 plate armour (lightly wounded, about 30% to evade your +2 spectral spear)
You reach to attack!
You hit the orc warrior but do no damage.
Your spectral weapon hits the orc warrior.
Reach: a) +2 spear (spect)
Press: ? - help, Dir - move target, f/p - orc warrior
Aim: an orc warrior, wielding a +2 halberd of distortion and wearing a +0 plate armour (lightly wounded, about 30% to evade your +2 spectral spear)
You could not reach far enough!
The orc hits you but does no damage.
The orc warrior hits you but does no damage.
Space warps horribly around you! 😮 HP[-14]
You take 14 damage, and now have 47/91 hp.
You hit the orc.
Your spectral weapon hits the orc from afar!
You kill the orc!
Lugonu accepts your kill.
Reach: a) +2 spear (spect)
Press: ? - help, Dir - move target, f/p - orc warrior
Aim: an orc warrior, wielding a +2 halberd of distortion and wearing a +0 plate armour (lightly wounded, about 31% to evade your +2 spectral spear)
You reach to attack!
You hit the orc warrior but do no damage.
Your spectral weapon barely misses the orc warrior.
The orc warrior hits you from afar with a +2 halberd of distortion!
* * * LOW HITPOINT WARNING * * *
Space warps horribly around you!
* * * LOW HITPOINT WARNING * * *
😱 HP[-28]
You take 28 damage, and now have 19/91 hp.
MASSIVE DAMAGE!! (PAUSE) 😱 HP[+1] Psyche the Insane Magess comes into view.
She is wielding a +0 dagger of chaos and wearing a +2 robe of willpower.
Psyche shouts!
You hear a shout!
As you read the scroll of teleportation {@r4}, it crumbles to dust.
You feel strangely unstable. The orc hits you but does no damage.
The orc warrior barely misses you. 😱 HP[+1] Psyche screams, "YOU ARE VIOLATING AREA SECURITY!!!"
Psyche looks satisfied for a moment.
Your surroundings suddenly seem different.
An orc priest comes into view. It is wielding a +0 flail.
As you read the scroll of teleportation {@r4}, it crumbles to dust.
You feel strangely unstable.
The orc priest casts a cantrip, but nothing happens. 😱 HP[+1] Psyche hits you but does no damage.
You feel drained.
You now have 90 max hp (-1).
Your surroundings suddenly seem different.
The orc warrior hits you from afar with a +0 glaive!
* * * LOW HITPOINT WARNING * * *
The orc warrior hits you with a +2 halberd of distortion!
You die...

Skill      XL: |  1  2  3  4  5  6  7  8  9 10 |
---------------+-------------------------------+-----
Invocations    | 2 3 4 5 6 7 |  7.4
Polearms       | 3 4 6 7 9 11 12 | 12.1
Fighting       | 4 5 6 7 8 9 |  9.3
Armour         | 3 4 5 6 8 9 |  9.0
Dodging        | |  1.1

Action                   |  1- 3 |  4- 6 |  7- 9 | 10-12 || total
-------------------------+-------+-------+-------+-------++-------
Melee: Spear             |    56 |    81 |   239 |    71 ||   447
       Headbutt          |     8 |     5 |    31 |     4 ||    48
Invok: Depart the Abyss  |     1 |       |       |       ||     1
  Use: Scroll            |     7 |     4 |     5 |     5 ||    21
       Potion            |       |       |     1 |       ||     1
 Stab: Distracted        |       |     1 |     4 |     2 ||     7
Armor: Leather armour    |     4 |       |       |       ||     4
       Chain mail        |       |    27 |    47 |       ||    74
       Plate armour      |       |       |    10 |    47 ||    57
Dodge: Dodged            |    13 |    10 |    35 |    12 ||    70

Levels and vault maps discovered:
D:1:      wander_arrival_peaceful_grave, layout_basic,
          hellmonk_ecumenical_altar_run_dry, glass_columns_a,
          minmay_misc_feat_alley
D:2:      layout_loops_cross
D:3:      layout_basic, nicolae_ru_path_of_blood, kennysheep_cross_room,
          minmay_fountain_box, chequers_serial_rivers_micro_d
D:4:      layout_cave_pods, corexii_shack, lemuel_old_faithful, uniq_pikel
D:5:      layout_gridville, uniq_ijyb
D:6:      layout_rooms, minmay_temple_entry_drinking_statues,
          gammafunk_ghost_split, due_unseen_surprise, uniq_duvessa
D:7:      layout_rooms, uniq_harold
D:8:      layout_cave_pools
D:9:      layout_rooms, orc_david_3, minivault_12, uniq_psyche

Notes
Turn   | Place    | Note
-------+----------+-------------------------------------------
     0 | Abyss:1  | spiderkeys the Minotaur Abyssal Knight began the quest for
                  | the Orb.
     0 | Abyss:1  | Reached XP level 1. HP: 19/19 MP: 1/1
     0 | Abyss:1  | magus.rc [v1.9.10]
    87 | Abyss:2  | Noticed a quasit
    91 | Abyss:2  | Noticed a ynoxinul
    91 | D:1      | You pass through the gate.
    91 | D:1      | Escaped the Abyss
   243 | D:1      | Reached * piety under Lugonu
   265 | D:1      | Reached skill level 2 in Invocations
   265 | D:1      | Reached XP level 2. HP: 27/27 MP: 2/2
   278 | D:1      | Reached skill level 3 in Polearms
   290 | D:1      | You pick up a book of Summonings and begin reading...
   290 | D:1      | You add the spells Summon Forest, Summon Mana Viper, Shadow
                  | Creatures and Summon Hydra to your library.
   554 | D:1      | Found a faded altar of an unknown god.
   627 | D:1      | Reached skill level 4 in Fighting
   634 | D:1      | Reached XP level 3. HP: 32/33 MP: 3/3
  1066 | D:2      | Reached skill level 3 in Armour
  1488 | D:2      | Identified a scroll of acquirement
  1488 | D:2      | Acquired the ring "Buzigup" {Wiz rPois rCorr}
  1640 | D:3      | Reached XP level 4. HP: 38/40 MP: 4/4
  1785 | D:3      | Reached ** piety under Lugonu
  1992 | D:3      | Reached skill level 4 in Polearms
  2157 | D:3      | Found a sacrificial altar of Ru.
  2451 | D:4      | Reached XP level 5. HP: 47/47 MP: 6/6
  2460 | D:4      | You pick up a book of Cantrips and begin reading...
  2460 | D:4      | You add the spells Corona, Animate Skeleton, Summon Small
                  | Mammal and Apportation to your library.
  2508 | D:4      | Noticed a lemure
  2508 | D:4      | Noticed a lemure
  2515 | D:4      | Noticed a lemure
  2518 | D:4      | Killed a lemure
  2523 | D:4      | Killed a lemure
  2528 | D:4      | Killed a lemure
  2608 | D:4      | Noticed Pikel
  2610 | D:4      | Noticed a lemure
  2629 | D:4      | Killed Pikel
  2630 | D:4      | Reached skill level 5 in Fighting
  2630 | D:4      | Reached skill level 6 in Polearms
  2630 | D:4      | Reached skill level 4 in Armour
  2630 | D:4      | Reached skill level 3 in Invocations
  2630 | D:4      | Reached XP level 6. HP: 18/56 MP: 7/7
  2630 | D:4      | Reached XP level 7. HP: 19/61 MP: 8/8
  2893 | D:4      | Reached *** piety under Lugonu
  3407 | D:5      | Entered Level 5 of the Dungeon
  3474 | D:5      | Reached skill level 4 in Invocations
  3499 | D:5      | Reached skill level 5 in Armour
  3619 | D:5      | Reached skill level 7 in Polearms
  3627 | D:5      | Reached skill level 6 in Fighting
  3792 | D:5      | You pick up a book of Frost and begin reading...
  3792 | D:5      | You add the spells Freeze, Frozen Ramparts, Ozocubu's
                  | Armour, Hailstorm and Metabolic Englaciation to your
                  | library.
  4006 | D:5      | Reached XP level 8. HP: 70/70 MP: 10/10
  4183 | D:5      | Reached skill level 8 in Polearms
  4210 | D:5      | Noticed Ijyb
  4217 | D:5      | Killed Ijyb
  4365 | D:6      | Reached skill level 6 in Armour
  4403 | D:6      | Found a runed translucent gate.
  4403 | D:6      | Found a runed translucent gate.
  4403 | D:6      | Found a runed translucent gate.
  4414 | D:6      | Noticed Twinkles's ghost (amateur DgTm)
  4415 | D:6      | Noticed a manticore
  4475 | D:6      | Reached skill level 5 in Invocations
  4679 | D:6      | Noticed Dowan
  4681 | D:6      | Noticed Duvessa
  4703 | D:6      | Killed Duvessa
  4706 | D:6      | Killed Dowan
  4707 | D:6      | Reached skill level 7 in Fighting
  4895 | D:6      | Found a staircase to the Ecumenical Temple.
  4898 | D:6      | Reached skill level 9 in Polearms
  5114 | D:7      | Noticed a hornet
  5123 | D:7      | Killed a hornet
  5124 | D:7      | Reached XP level 9. HP: 78/79 MP: 12/12
  5129 | D:7      | Noticed a kobold demonologist
  5130 | D:7      | Noticed a kobold demonologist
  5134 | D:7      | Reached **** piety under Lugonu
  5159 | D:7      | Killed a kobold demonologist
  5180 | D:7      | Killed a kobold demonologist
  5181 | D:7      | Reached skill level 7 in Armour
  5189 | D:7      | Reached skill level 10 in Polearms
  5189 | D:7      | Reached skill level 6 in Invocations
  5449 | D:7      | Reached skill level 8 in Fighting
  5505 | D:7      | You pick up a book of Changes and begin reading...
  5505 | D:7      | You add the spells Beastly Appendage, Wereblood, Spider
                  | Form, Ice Form and Hydra Form to your library.
  5733 | D:7      | Noticed Harold
  5751 | D:7      | HP: 20/81 [Harold/+0 trident (16)]
  5756 | D:7      | HP: 12/81 [Harold/+0 trident (8)]
  5760 | D:7      | Killed Harold
  5761 | D:7      | Reached skill level 11 in Polearms
  5761 | D:7      | Reached skill level 8 in Armour
  6184 | D:8      | Reached XP level 10. HP: 90/90 MP: 14/14
  6398 | D:8      | Noticed a seven-headed hydra
  6406 | D:8      | Killed a seven-headed hydra
  6578 | D:8      | Reached skill level 7 in Invocations
  6654 | D:8      | Noticed a four-headed hydra
  6668 | D:8      | Killed a four-headed hydra
  6669 | D:8      | Reached skill level 9 in Fighting
  6951 | D:8      | Reached skill level 12 in Polearms
  7289 | D:9      | Found a staircase to the Orcish Mines.
  7311 | D:9      | Reached skill level 9 in Armour
  7315 | D:9      | HP: 19/91 [orc warrior/+2 halberd of distortion (14)]
  7318 | D:9      | Noticed Psyche
  7327 | D:9      | HP: 15/90 [orc warrior/+0 glaive (7)]
  7327 | D:9      | Slain by an orc warrior

Vanquished Creatures
  2 hydras (D:8)
  Pikel (D:4)
  2 kobold demonologists (D:7)
  2 hornets
  A water moccasin (D:7)
  A black bear (D:6)
  Duvessa (D:6)
  An orc warrior (D:9)
  3 sky beasts
  3 ogres (D:5)
  2 centaurs
  3 lemures (D:4)
  2 kobold brigands (D:7)
  3 bullfrogs
  A gnoll sergeant (D:6)
  A water moccasin zombie (D:5)
  A scorpion (D:7)
  Dowan (D:6)
  3 wights (D:7)
  6 killer bees (D:8)
  3 centaur zombies
  A centaur skeleton (D:7)
  2 hounds
  An orc priest (D:6)
  2 jellies
  An iguana (D:5)
  Ijyb (D:5)
  3 orc wizards
  9 gnolls
  6 adders
  3 ufetubi
  An adder skeleton (D:4)
  A worm (D:3)
  2 dart slugs (D:4)
  20 orcs
  7 endoplasms
  4 giant cockroaches
  9 hobgoblins
  8 jackals
  11 kobolds
  10 quokkas
  3 ball pythons
  4 bats
  2 frilled lizards (D:1)
  10 goblins
  4 rats
168 creatures vanquished.

Vanquished Creatures (collateral kills)
  Harold (D:7)
1 creature vanquished.

Grand Total: 169 creatures vanquished

Table legend:
 A = Non-vault XP
 B = Vault XP
 C = Vault XP percentage of total XP
 D = Non-vault monster count
 E = Vault monster count
 F = Vault count percentage of total count
                 A         B        C        D         E       F
            +---------+---------+-------+---------+---------+-------
      Total |    6785 |    1984 |  22.6 |     158 |       8 |   4.8
            +---------+---------+-------+---------+---------+-------
        D:1 |      46 |       0 |   0.0 |      27 |       0 |   0.0
        D:2 |      40 |       0 |   0.0 |      10 |       0 |   0.0
        D:3 |      76 |       0 |   0.0 |      20 |       0 |   0.0
        D:4 |     127 |     654 |  83.7 |      31 |       2 |   6.1
        D:5 |     887 |      38 |   4.1 |      17 |       1 |   5.6
        D:6 |     459 |     210 |  31.4 |      14 |       2 |  12.5
        D:7 |    2040 |     943 |  31.6 |      20 |       1 |   4.8
        D:8 |    2998 |       0 |   0.0 |      18 |       0 |   0.0
        D:9 |     112 |     139 |  55.4 |       1 |       2 |  66.7
            +---------+---------+-------+---------+---------+-------

Illustrated notes

Table legend:
 A = Kills in this place as a percentage of kills in entire the game.
 B = Kills by you in this place as a percentage of kills by you in the entire game.
 C = Kills by friends in this place as a percentage of kills by friends in the entire game.
 D = Other kills in this place as a percentage of other kills in the entire game.
 E = Experience gained in this place as a percentage of experience gained in the entire game.
 F = Experience gained in this place divided by the number of levels of this place that you have seen.
                   A       B       C       D       E      F
               +-------+-------+-------+-------+-------+----------------------
         Total | 100.0 | 100.0 | 100.0 |   N/A | 100.0 | 797.2
       Dungeon | 100.0 | 100.0 | 100.0 |   N/A | 100.0 | 974.3
               +-------+-------+-------+-------+-------+----------------------

Table legend: (Time is in decaauts)
 A = Elapsed time spent in this place.
 B = Non-inter-level travel time spent in this place.
 C = Inter-level travel time spent in this place.
 D = Time resting spent in this place.
 E = Time spent auto-exploring this place.
 F = Levels seen in this place.
 G = Mean time per level.
                   A        B        C        D        E       F      G
               +--------+--------+--------+--------+--------+-----+--------+
         Total |   7192 |   7044 |    148 |    218 |   5891 |  11 |  653.8 |
       Dungeon |   7101 |   6953 |    148 |    218 |   5888 |   9 |  789.0 |
         Abyss |     90 |     90 |      0 |      0 |      3 |   2 |   45.0 |
               +--------+--------+--------+--------+--------+-----+--------+

Top non-repeatable levels by time:
     D:8: 1125 daAuts
     D:4: 1121 daAuts
     D:7: 929 daAuts
     D:5: 908 daAuts
     D:1: 863 daAuts
     D:3: 780 daAuts
     D:6: 763 daAuts
     D:2: 534 daAuts
     D:9: 74 daAuts
 Abyss:1: 46 daAuts
 Abyss:2: 44 daAuts
